 Dungeon Crawl Stone Soup version 0.24-a0-290-gbb66a67 (webtiles) character file.

Game seed: 13929849877878443789

3337 Mgcat the Fighter (level 9, -9/78 HPs)
             Began as a Mummy Monk on May 8, 2019.
             Mangled by an orc warrior
             ... wielding a +0 hand axe
              (15 damage)
             ... on level 8 of the Dungeon.
             The game lasted 00:43:25 (20837 turns).

Mgcat the Fighter (Mummy Monk)                     Turns: 20837, Time: 00:43:25

Health: -9/78      AC:  7    Str: 18    XL:     9   Next: 72%
Magic:  9/9        EV: 17    Int:  9    God:
Gold:   423        SH:  0    Dex: 14    Spells: 8/8 levels left

rFire    x . .     SeeInvis .     - Unarmed
rCold    + . .     Gourm    .   (no shield)
rNeg     + + +     Faith    .   (no armour)
rPois    ∞         Spirit   .   b - +2 helmet
rElec    .         Reflect  .   h - +1 cloak
rCorr    .         Harm     .   c - +1 pair of gloves
MR       +....                  (no boots)
Stlth    ++........             (no amulet)
HPRegen  0.23/turn              e - +3 ring of evasion
MPRegen  0.11/turn              (no ring)

@: no status effects
A: no food or potions, fire vulnerability, cold resistance 1, negative energy
resistance 3, torment resistance, unbreathing
a: no special abilities


You were on level 8 of the Dungeon.
You were not hungry.

You visited 1 branch of the dungeon, and saw 9 of its levels.

You collected 477 gold pieces.
You spent 54 gold pieces at shops.

Inventory:

Armour
 b - a +2 helmet (worn)
   (You found it on level 1 of the Dungeon)
 c - a +1 pair of gloves (worn)
   (You bought it in a shop on level 6 of the Dungeon)
 h - a +1 cloak (worn)
   (You found it on level 7 of the Dungeon)
Jewellery
 e - a +3 ring of evasion (left hand)
   (You found it on level 7 of the Dungeon)
 i - an uncursed ring of teleportation {+/*tele, !d}
   (You found it on level 7 of the Dungeon)
Scrolls
 a - 7 scrolls of remove curse
 d - a scroll of summoning {unknown}
 f - a scroll of noise {!r}
 g - a scroll of magic mapping {!r}
 k - a scroll of fog
 l - a scroll of immolation {!r}
 m - a scroll of vulnerability {!r!r}
 n - a scroll of blinking {unknown}


   Skills:
 + Level 9.7 Fighting
 - Level 4.0 Dodging
 - Level 3.0 Stealth
 + Level 8.1 Unarmed Combat


You had 8 spell levels left.
You didn't know any spells.
Your spell library was empty.

Dungeon Overview and Level Annotations

Branches:
Dungeon (9/15)             Temple (0/1) D:5
   Lair: D:8-11         Orc: D:9-12

Altars:
Okawaru
Beogh

Shops:
D:6 *

Annotations:
D:5 1 exclusion
D:6 3 exclusions, Blork the orc
D:7 2 transporters, scroll in grif sigth, exclusions: 2 hippogriffs and 8 more exclusions
D:8 3 exclusions, Prince Ribbit, Psyche
D:9 exclusions: door, two-headed ogre and 4 more exclusions


Innate Abilities, Weirdness & Mutations

You do not eat or drink.
Your flesh is vulnerable to fire.
You are immune to poison.
Your flesh is cold resistant. (rC+)
You are immune to negative energy. (rN+++)
You are immune to unholy pain and torment.
You can survive without breathing.


Message History

The orc barely misses you.
You punch the orc!
You kill the orc!
No target in view!
j - a +0 chain mail You see here an orc corpse.
Drop what? 14/52 slots (_ for help) (? for menu, Esc to quit)
You drop a +0 chain mail.
An orc warrior comes into view. It is wielding a +0 hand axe.
Spoiler Alert: The orc warrior (wandering) can hit for high damage!
Unknown command.
Lua error: [string "/dgldir/rcfiles/crawl-git/Mgcat.rc"]:926: invalid capture index Unknown command.
Lua error: [string "/dgldir/rcfiles/crawl-git/Mgcat.rc"]:926: invalid capture index Unknown command.
Lua error: [string "/dgldir/rcfiles/crawl-git/Mgcat.rc"]:926: invalid capture index Unknown command.
Spoiler Alert: The orc warrior (wandering) can hit for high damage!
Unknown command.
Lua error: [string "/dgldir/rcfiles/crawl-git/Mgcat.rc"]:926: invalid capture index Lua error: [string "/dgldir/rcfiles/crawl-git/Mgcat.rc"]:926: invalid capture index
Things that are here:
a +0 chain mail; an orc corpse Lua error: [string "/dgldir/rcfiles/crawl-git/Mgcat.rc"]:926: invalid capture index Spoiler Alert: The orc warrior (wandering) can hit for high damage!
Lua error: [string "/dgldir/rcfiles/crawl-git/Mgcat.rc"]:926: invalid capture index Lua error: [string "/dgldir/rcfiles/crawl-git/Mgcat.rc"]:926: invalid capture index The orc warrior shouts!
You hear a shout!
Spoiler Alert: The orc warrior can hit for high damage!
There is a stone staircase leading up here.
The orc warrior hits you with a +0 hand axe!
You climb upwards.
Level annotation: 3 exclusions, Prince Ribbit, Psyche
There is a stone staircase leading down here.
You take 15 damage, and have 63/78 hp.
Spoiler Alert: The orc warrior can hit for high damage!
You punch the orc warrior!
The orc warrior is moderately wounded.
The orc warrior hits you with a +0 hand axe!
You take 10 damage, and have 53/78 hp.
You are too injured to fight recklessly!
You are too injured to fight recklessly!
Spoiler Alert: The orc warrior can hit for high damage!
You are too injured to fight recklessly!
You are too injured to fight recklessly!
You hit the orc warrior but do no damage.
The orc warrior is moderately wounded.
You barely miss the orc warrior.
The orc warrior is moderately wounded.
The orc warrior closely misses you.
Spoiler Alert: The orc warrior can hit for high damage!
You punch the orc warrior!
The orc warrior is severely wounded.
The orc warrior hits you with a +0 hand axe!
You take 13 damage, and have 41/78 hp.
You hit the orc warrior but do no damage.
The orc warrior is severely wounded.
The orc warrior hits you with a +0 hand axe!!
* * * LOW HITPOINT WARNING * * *
You take 21 damage, and have 20/78 hp.
MASSIVE DAMAGE!!
Spoiler Alert: The orc warrior can hit for high damage!
You barely miss the orc warrior.
The orc warrior is severely wounded.
You hit the orc warrior.
The orc warrior is severely wounded.
The orc warrior hits you with a +0 hand axe!
* * * LOW HITPOINT WARNING * * *
You take 7 damage, and have 13/78 hp.
Spoiler Alert: The orc warrior can hit for high damage!
You closely miss the orc warrior.
The orc warrior is severely wounded.
The orc warrior hits you with a +0 hand axe.
* * * LOW HITPOINT WARNING * * *
You take 3 damage, and have 10/78 hp.
You barely miss the orc warrior.
The orc warrior is severely wounded.
The orc warrior misses you.
Spoiler Alert: The orc warrior can hit for high damage!
Unknown command.
Okay, then.
Unknown command.
Unknown command.
You hit the orc warrior.
The orc warrior is almost dead.
The orc warrior hits you with a +0 hand axe.
* * * LOW HITPOINT WARNING * * *
You take 5 damage, and have 5/78 hp.
Spoiler Alert: The orc warrior can hit for high damage!
Unknown command.
Unknown command.
Unknown command.
You hit the orc warrior but do no damage.
The orc warrior is almost dead.
Unknown command.
Spoiler Alert: The orc warrior can hit for high damage!
Unknown command.
You hit the orc warrior but do no damage.
The orc warrior is almost dead.
The orc warrior hits you with a +0 hand axe!
You die...

.o# #..........# #. ..#
#####......# #. ..# #..#####
#####. ).# #######..# #..... ..#
#........# #.###. #.##
#.######.# #.#... ##.# #.# #.#
#.#.## #.## #.# #o# #.#.##
..#######.# #@# #.#.##
...o......######.# #.#.##
.#######.........# #.#.## .#
##.######## #.#.## .########.###
#.#.##
............################.#.#
#########....................#
###.################## ##...##


You could see an orc warrior.

Vanquished Creatures
  A gargoyle (D:9)
  A wyvern (D:8)
  A yak (D:9)
  A hungry ghost (D:8)
  2 black bears
  A necrophage (D:7)
  A sky beast (D:5)
  3 ice beasts
  3 ogres
  A centaur (D:8)
  A big kobold (D:8)
  5 bullfrogs
  4 scorpions
  A howler monkey (D:5)
  3 crimson imps
  A centaur zombie (D:9)
  A jelly (D:8)
  A hound (D:4)
  4 orc priests
  Ijyb (D:4)
  2 iguanas
  4 orc wizards
  7 worker ants
  A centaur simulacrum (D:9)
  A hound skeleton (D:3)
  2 hound zombies
  A worker ant zombie (D:6)
  7 gnolls
  9 adders
  An ooze (D:4)
  An adder skeleton (D:4)
  3 worms
  A dart slug (D:1)
  6 leopard geckos
  23 orcs
  5 bats
  6 giant cockroaches
  17 goblins
  11 hobgoblins
  4 jackals (D:8)
  3 quokkas
  3 frilled lizards
  12 kobolds
  7 rats
174 creatures vanquished.

Notes
Turn   | Place    | Note
-------+----------+-------------------------------------------
     0 | D:1      | Mgcat the Mummy Monk began the quest for the Orb.
     0 | D:1      | Reached XP level 1. HP: 18/18 MP: 1/1
   461 | D:1      | HP: 4/18 [bat (1)]
   988 | D:1      | Reached XP level 2. HP: 10/24 MP: 2/2
  1742 | D:1      | HP: 3/24 [hobgoblin/+0 club (6)]
  1745 | D:1      | Reached skill level 2 in Stealth
  2347 | D:2      | Reached XP level 3. HP: 28/29 MP: 3/3
  2634 | D:2      | HP: 7/29 [adder (3)]
  3053 | D:1      | HP: 6/29 [leopard gecko (2)]
  4104 | D:2      | Reached skill level 3 in Unarmed Combat
  4104 | D:2      | Reached XP level 4. HP: 31/35 MP: 4/4
  5374 | D:3      | HP: 6/37 [kobold/+0 short sword (6)]
  5706 | D:3      | Reached skill level 4 in Fighting
  5893 | D:3      | Found an iron altar of Okawaru.
  5925 | D:3      | Reached XP level 5. HP: 42/42 MP: 5/5
  7554 | D:4      | Reached skill level 3 in Stealth
  7873 | D:4      | HP: 10/42 [orc wizard/cursed +0 dagger (5)]
  8600 | D:4      | Reached XP level 6. HP: 22/49 MP: 6/6
  8607 | D:4      | HP: 9/49 [worker ant (7)]
  9086 | D:4      | Reached skill level 5 in Fighting
  9086 | D:4      | Reached skill level 4 in Unarmed Combat
  9358 | D:5      | Entered Level 5 of the Dungeon
  9385 | D:5      | Noticed Ijyb
  9428 | D:4      | Killed Ijyb
  9925 | D:5      | Reached XP level 7. HP: 39/56 MP: 7/7
 10667 | D:4      | HP: 7/56 [orc priest/divine providence (16)]
 11552 | D:5      | Found a staircase to the Ecumenical Temple.
 11616 | D:5      | Reached skill level 6 in Fighting
 12067 | D:5      | Reached skill level 5 in Unarmed Combat
 12397 | D:6      | Noticed Blork the orc
 12554 | D:6      | Found Azael's General Store.
 12735 | D:6      | Bought a +0 pair of gloves for 54 gold pieces
 13070 | D:6      | Reached XP level 8. HP: 53/65 MP: 8/8
 13183 | D:6      | Reached skill level 7 in Fighting
 14015 | D:7      | Noticed a hippogriff
 14100 | D:7      | Noticed a hippogriff
 14147 | D:7      | Got a jewelled chain mail
 14363 | D:7      | Found a transporter.
 14363 | D:7      | Noticed an orc knight
 14502 | D:7      | Found a roughly hewn altar of Beogh.
 14502 | D:7      | Found a transporter.
 14899 | D:5      | HP: 11/67 [something (6)]
 14906 | D:5      | Reached skill level 6 in Unarmed Combat
 15383 | D:8      | Got a dazzling short sword
 15411 | D:8      | HP: 15/67 [wyvern (16)]
 17519 | D:8      | Noticed Prince Ribbit
 17579 | D:8      | Reached skill level 8 in Fighting
 18786 | D:8      | Reached skill level 7 in Unarmed Combat
 18865 | D:8      | Noticed Psyche
 19249 | D:9      | Reached XP level 9. HP: 75/75 MP: 9/9
 19496 | D:9      | Reached skill level 9 in Fighting
 19538 | D:9      | Reached skill level 3 in Dodging
 19804 | D:9      | Noticed a troll
 19827 | D:9      | HP: 10/76 [troll (12)]
 19827 | D:9      | HP: 2/76 [troll (8)]
 20200 | D:9      | Noticed a troll
 20316 | D:9      | Noticed a gargoyle
 20443 | D:9      | Killed a gargoyle
 20641 | D:9      | Reached skill level 8 in Unarmed Combat
 20733 | D:9      | Reached skill level 4 in Dodging
 20771 | D:9      | Noticed a two-headed ogre
 20832 | D:8      | HP: 13/78 [orc warrior/+0 hand axe (8)]
 20835 | D:8      | HP: 5/78 [orc warrior/+0 hand axe (5)]
 20837 | D:8      | Mangled by an orc warrior

Levels and vault maps discovered:
D:1:      zelgadis_glass_arrival_small, layout_basic
D:2:      layout_basic, first_ration
D:3:      layout_loops_ring, okawaru_gym_becter
D:4:      layout_loops_ring
D:5:      layout_basic, minmay_temple_entry_statues_fountains, uniq_grinder,
          uniq_ijyb
D:6:      layout_loops_ring, serial_shops, shop_fountains, uniq_blork_the_orc
D:7:      gammafunk_beogh_shrine, layout_basic
D:8:      layout_loops_ring, uniq_prince_ribbit1, uniq_psyche
D:9:      layout_basic, serial_shops, kennysheep_mini_moat,
          hangedman_pestilent_swarm, minmay_shattered_shrine

Skill      XL: |  1  2  3  4  5  6  7  8  9 |
---------------+----------------------------+-----
Stealth        | 2 3 |  3.0
Unarmed Combat | 3 4 5 7 8 |  8.1
Fighting       | 4 5 6 8 9 |  9.7
Dodging        | 4 |  4.0

Action                   |  1- 3 |  4- 6 |  7- 9 || total
-------------------------+-------+-------+-------++-------
Melee: Unarmed           |   218 |   352 |   529 ||  1099
       Punch             |       |     7 |    19 ||    26
  Use: Scroll            |       |    10 |    10 ||    20
 Stab: Sleeping          |     5 |     3 |     1 ||     9
       Distracted        |     1 |     1 |     2 ||     4
Armor: Skin              |     7 |    44 |    72 ||   123
Dodge: Dodged            |   150 |   190 |   302 ||   642

Table legend:
 A = Non-vault XP
 B = Vault XP
 C = Vault XP percentage of total XP
 D = Non-vault monster count
 E = Vault monster count
 F = Vault count percentage of total count
                 A         B        C        D         E       F
            +---------+---------+-------+---------+---------+-------
      Total |    3795 |     973 |  20.4 |     165 |       9 |   5.2
            +---------+---------+-------+---------+---------+-------
        D:1 |      55 |       0 |   0.0 |      29 |       0 |   0.0
        D:2 |      96 |       0 |   0.0 |      30 |       0 |   0.0
        D:3 |      77 |       0 |   0.0 |      17 |       0 |   0.0
        D:4 |     374 |      39 |   9.4 |      14 |       1 |   6.7
        D:5 |     506 |       0 |   0.0 |      16 |       0 |   0.0
        D:6 |     618 |       0 |   0.0 |      12 |       0 |   0.0
        D:7 |     175 |       0 |   0.0 |       2 |       0 |   0.0
        D:8 |    1176 |       0 |   0.0 |      26 |       0 |   0.0
        D:9 |     718 |     934 |  56.5 |      19 |       8 |  29.6
            +---------+---------+-------+---------+---------+-------

Levels and vault maps discovered:
D:1:      zelgadis_glass_arrival_small, layout_basic
D:2:      layout_basic, first_ration
D:3:      layout_loops_ring, okawaru_gym_becter
D:4:      layout_loops_ring
D:5:      layout_basic, minmay_temple_entry_statues_fountains, uniq_grinder,
          uniq_ijyb
D:6:      layout_loops_ring, serial_shops, shop_fountains, uniq_blork_the_orc
D:7:      gammafunk_beogh_shrine, layout_basic
D:8:      layout_loops_ring, uniq_prince_ribbit1, uniq_psyche
D:9:      layout_basic, serial_shops, kennysheep_mini_moat,
          hangedman_pestilent_swarm, minmay_shattered_shrine

Table legend:
 A = Turns spent in this place as a percentage of turns spent in the entire game.
 B = Non-inter-level travel turns spent in this place as a percentage of non-inter-level travel turns spent in the entire game.
 C = Inter-level travel turns spent in this place as a percentage of turns spent in this place.
 D = Turns resting spent in this place as a percentage of non-inter-level travel turns spent in this place.
 E = Turns spent auto-exploring this place as a percentage of non-inter-level travel turns spent in this place.
 F = Non-inter-level travel turns spent in this place divided by the number of levels of this place that you've seen.
                   A       B       C       D       E      F
               +-------+-------+-------+-------+-------+----------------------
         Total | 100.0 | 100.0 |   3.0 |  54.8 |  27.9 | 2245.9
       Dungeon | 100.0 | 100.0 |   3.0 |  54.8 |  27.9 | 2245.9
               +-------+-------+-------+-------+-------+----------------------

Table legend:
 A = Kills in this place as a percentage of kills in entire the game.
 B = Kills by you in this place as a percentage of kills by you in the entire game.
 C = Kills by friends in this place as a percentage of kills by friends in the entire game.
 D = Other kills in this place as a percentage of other kills in the entire game.
 E = Experience gained in this place as a percentage of experience gained in the entire game.
 F = Experience gained in this place divided by the number of levels of this place that you have seen.
                   A       B       C       D       E      F
               +-------+-------+-------+-------+-------+----------------------
         Total | 100.0 | 100.0 |   N/A |   N/A | 100.0 | 529.8
       Dungeon | 100.0 | 100.0 |   N/A |   N/A | 100.0 | 529.8
               +-------+-------+-------+-------+-------+----------------------
